 Dungeon Crawl Stone Soup version 0.31-a0-175-g9f7f995f2b (webtiles) character file.

Game seed: 3046873465972673485

68 qw the Shooter (level 4, 0/28 HPs)
             Began as a Gargoyle Hunter on June 16, 2023.
             Slain by an orc priest
             ... wielding a +0 trident
              (3 damage)
             ... on level 3 of the Dungeon.
             The game lasted 00:00:37 (1372 turns).

qw the Shooter (Gargoyle Hunter)                    Turns: 1372, Time: 00:00:37

Health: 0/28       AC:  9    Str: 14    XL:     4   Next: 19%
Magic:  4/4        EV: 10    Int: 10    God:
Gold:   56         SH:  0    Dex: 15    Spells: 3/3 levels left

rFire   . . .        Y - +1 shortbow
rCold   . . .        (shield currently unavailable)
rNeg    + . .        d - +0 ring mail
rPois   inf          (no helmet)
rElec   +            (no cloak)
rCorr   .            e - +0 pair of gloves
SInv    .            (no boots)
Will    .....        (no amulet)
Stlth   +            (no ring)
HPRegen 0.24/turn    (no ring)
MPRegen 0.09/turn

%: no passive effects
@: no status effects
A: sickness immunity, AC +3, negative energy resistance 1, electricity
resistance, torment resistance 1, petrification resistance
a: no special abilities


You were on level 3 of the Dungeon.
You visited 1 branch of the dungeon, and saw 4 of its levels.

You collected 56 gold pieces.


Innate Abilities, Weirdness & Mutations

You are immune to sickness and miasma.
Your stone body is resilient. (AC +3)
You are immune to poison.
You resist negative energy. (rN+)
You are resistant to electric shocks. (rElec)
You are resistant to unholy torment.
You are immune to petrification.


   Skills:
 - Level 3.2 Fighting
 - Level 5.0 Ranged Weapons
 + Level 0.6 Armour
 - Level 1.5 Dodging
 - Level 1.1 Stealth


You had 3 spell levels left.
You didn't know any spells.
Your spell library was empty.

Inventory:

Hand Weapons
 Y - a +1 shortbow (weapon)
Armour
 d - a +0 ring mail (worn)
 e - a +0 pair of gloves (worn)
Scrolls
 c - a scroll of vulnerability {unknown}
Potions
 a - a potion of might {unknown}
 b - a potion of attraction {unknown}
 f - a potion of heal wounds {unknown}
 h - a potion of berserk rage {unknown}

Dungeon Overview and Level Annotations

Branches:
Dungeon (4/15)             Temple (0/1) D:4

Altars:
Nemelex Xobeh

Shops:
D:1 *

Annotations:
D:3 3 runed translucent doors, qw's ghost, amateur GrFi


Message History

Enter note:
Enter note: You shoot an arrow.
The arrow completely misses the orc wizard.
The orc priest shouts!
The arrow hits the orc priest.
The orc priest is moderately wounded.
You shoot an arrow. The arrow hits the orc wizard.
The orc wizard is lightly wounded.
The orc wizard casts a spell at you. The puff of flame hits you.
You shoot an arrow. The arrow hits the orc priest.
The orc priest is moderately wounded.
An orc comes into view.
It is wielding a +1 war axe of electrocution.
You shoot an arrow. The arrow hits the orc priest!
The orc priest is almost dead.
You shoot an arrow. The arrow hits the orc priest.
The orc priest is almost dead.
The orc priest hits you from afar with a +0 trident.
You shoot an arrow. The arrow hits the orc wizard.
The orc wizard is heavily wounded.
The orc closely misses you.
The orc wizard hits you but does no damage.
The orc priest hits you but does no damage. x2
The orc hits you with a +0 whip.
The orc wizard hits you with a +0 dagger.
You shoot an arrow. The arrow hits the orc wizard.
The orc wizard is severely wounded.
The orc wizard hits you with a +0 dagger.
The orc hits you but does no damage.
The orc priest hits you but does no damage.
You shoot an arrow. The arrow barely misses the orc wizard.
The orc wizard hits you but does no damage.
The orc priest hits you from afar with a +0 trident.
You shoot an arrow. The arrow misses the orc wizard.
The orc hits you but does no damage.
The orc wizard hits you with a +0 dagger.
The orc hits you with a +1 war axe of electrocution!
The orc priest hits you from afar with a +0 trident.
You die...

.. #....####.....
..........#..........)..
.!...............#.#....
.................#.#.##.
.................#.#.#<.
...............#.#.#.#
..o...........<(.#..
##oo.........##).... .
#.o@............###.
#.....#........(....#...
##...##..........#.....#
..._....#.######.#####.#
##...##.#.# #......(#
#... #.#.# ######....#
..# ....# #.........# .
..### #......#### ..##
#.....##


You could see an orc priest, an orc wizard and 2 orcs.

Vanquished Creatures
  3 adders (D:2)
  A dart slug (D:2)
  2 orcs (D:3)
  2 ball pythons
  An endoplasm (D:1)
  2 giant cockroaches
  5 goblins
  3 hobgoblins
  2 quokkas
  4 bats
  4 frilled lizards
  3 kobolds
  7 rats
39 creatures vanquished.

Notes
Turn   | Place    | Note
-------+----------+-------------------------------------------
     0 | D:1      | qw the Gargoyle Hunter began the quest for the Orb.
     0 | D:1      | Reached XP level 1. HP: 12/12 MP: 1/1
     0 | D:1      | 0 ||| qw: Version: 0.2-a-29-g511e9b1
     0 | D:1      | 0 ||| qw: Game counter: 5880
     0 | D:1      | 0 ||| qw: Always use a shield: true
     0 | D:1      | 0 ||| qw: God list: Okawaru
     0 | D:1      | 0 ||| qw: Allow faded altars: false
     0 | D:1      | 0 ||| qw: Do Orc after D:15 true
     0 | D:1      | 0 ||| qw: Do second Lair branch before Depths: true
     0 | D:1      | 0 ||| qw: Lair rune preference: random
     0 | D:1      | 0 ||| qw: Plans: Normal, Zot:1-4, Slime:5, God:TSO, Crypt,
                  | Tomb, Abyss, Pan, Hells, Win
     0 | D:1      | 0 ||| PLANNING D:1-11
   116 | D:1      | Reached XP level 2. HP: 17/17 MP: 2/2
   501 | D:1      | Found Guamaywo's General Store.
   533 | D:1      | 533 ||| SHOPLISTING scroll of enchant weapon (90 gold, have
                  | 6).
   533 | D:1      | 533 ||| SHOPLISTING scroll of identify (24 gold, have 6).
   645 | D:1      | 645 ||| UPGRADING to +0 pair of gloves.
   650 | D:1      | 650 ||| READING scroll labelled JOTHOI ITITHA.
   651 | D:1      | 651 ||| READING scroll labelled HYFOSE TIYNIO.
   654 | D:1      | 654 ||| READING scroll labelled AVVEUKKEJO.
   655 | D:1      | 655 ||| DROPPING scroll of butterflies.
   679 | D:2      | Reached skill level 5 in Ranged Weapons
   679 | D:2      | Reached XP level 3. HP: 20/21 MP: 3/3
   986 | D:2      | Reached skill level 3 in Fighting
   986 | D:2      | Reached XP level 4. HP: 28/28 MP: 4/4
  1016 | D:2      | You fall into a shaft and drop 2 floors!
  1017 | D:4      | 1017 ||| READING scroll labelled DEJUKO RORIDO.
  1019 | D:4      | Found a staircase to the Ecumenical Temple.
  1048 | D:3      | 1048 ||| FLEEEEING.
  1049 | D:3      | 1049 ||| FLEEEEING.
  1051 | D:3      | 1051 ||| STAIRDANCE
  1101 | D:2      | 1101 ||| UPGRADING to +0 ring mail.
  1111 | D:2      | 1111 ||| DROPPING +0 leather armour.
  1112 | D:2      | 1112 ||| READING scroll labelled OGEAMO WYLUT.
  1140 | D:3      | 1140 ||| STAIRDANCE
  1291 | D:3      | Found a runed translucent gate.
  1291 | D:3      | Found a runed translucent gate.
  1293 | D:3      | Found a runed translucent gate.
  1296 | D:3      | Noticed qw's ghost (amateur GrFi)
  1357 | D:3      | Found a sparkling altar of Nemelex Xobeh.
  1372 | D:3      | HP: 3/28 [orc/+1 war axe of electrocution (8)]
  1372 | D:3      | Slain by an orc priest

Levels and vault maps discovered:
D:1:      lightli_arrival_isolated_outpost, layout_basic, serial_shops,
          nicolae_shop_window_shopping
D:2:      layout_rooms
D:3:      layout_basic, lemuel_coloured_pillars_altar,
          mainiacjoe_overflow_small_starburst, gammafunk_ghost_necromancy
D:4:      layout_rooms, elyvilon_altar_3, kennysheep_little_box,
          minmay_temple_entry_mini_moons, hangedman_minor_gate_pass

Skill      XL: |  1  2  3 |
---------------+----------+-----
Ranged Weapons | 5 |  5.0
Fighting       | 3 |  3.2
Armour         | |  0.6
Dodging        | |  1.5
Stealth        | |  1.1

Action                     |  1- 3 |  4- 6 || total
---------------------------+-------+-------++-------
   Fire: Shortbow          |    95 |    36 ||   131
    Use: Scroll            |     3 |     2 ||     5
 Armour: Leather armour    |    14 |       ||    14
         Ring mail         |       |    24 ||    24
  Dodge: Dodged            |    12 |    30 ||    42

Table legend:
 A = Non-vault XP
 B = Vault XP
 C = Vault XP percentage of total XP
 D = Non-vault monster count
 E = Vault monster count
 F = Vault count percentage of total count
                 A         B        C        D         E       F
            +---------+---------+-------+---------+---------+-------
      Total |      98 |       0 |   0.0 |      39 |       0 |   0.0
            +---------+---------+-------+---------+---------+-------
        D:1 |      25 |       0 |   0.0 |      17 |       0 |   0.0
        D:2 |      66 |       0 |   0.0 |      19 |       0 |   0.0
        D:3 |       7 |       0 |   0.0 |       3 |       0 |   0.0
            +---------+---------+-------+---------+---------+-------
